 Dungeon Crawl Stone Soup version 0.27.0-1-g7a089689b8 (webtiles) character file.

Game seed: 7294569015520204190

105 freelancePsychic the Sneak (level 5, -1/33 HPs)
             Began as a Kobold Delver on Aug 4, 2021.
             Was an Initiate of Ashenzari.
             Slain by an orc (5 damage)
             ... on level 2 of the Dungeon.
             The game lasted 00:06:58 (1922 turns).

freelancePsychic the Sneak (Kobold Delver)          Turns: 1922, Time: 00:06:59

Health: -1/33      AC:  3    Str:  9    XL:     5   Next: 9%
Magic:  5/5        EV: 14    Int: 13    God:    Ashenzari [......]
Gold:   17         SH:  0    Dex: 16    Spells: 4/4 levels left

rFire    . . .     SeeInvis .   e - +0 dagger
rCold    . . .     Faith    .   (shield restricted)
rNeg     . . .     Spirit   .   b - +0 leather armour "Repose of Ashenzari" {Alch, Fort} (curse)
rPois    .         Reflect  .   (no helmet)
rElec    .         Harm     .   (no cloak)
rCorr    .         Rampage  .   (no gloves)
Will     .....                  (no boots)
Stlth    ++++......             (no amulet)
HPRegen  0.11/turn              h - +4 ring of slaying
MPRegen  0.09/turn              (no ring)

@: no status effects
A: small, no large weapons, nightstalker 3
a: Renounce Religion, Shatter the Chains


You were on level 2 of the Dungeon.
You worshipped Ashenzari.
Ashenzari was noncommittal.
You visited 2 branches of the dungeon, and saw 5 of its levels.
You also visited: Ossuary.

You collected 17 gold pieces.

Inventory:

Hand Weapons
 a - a +0 short sword
 e - a +0 dagger (weapon)
Armour
 b - the cursed +0 leather armour "Repose of Ashenzari" (worn) {Alch, Fort}

   It has a curse which improves the following skills: Alchemy: Poison Magic and
   Transmutations.
   Fortitude: Armour and Shields.
Magical Staves
 d - a staff of cold
Jewellery
 h - a +4 ring of slaying (left hand)
Wands
 g - a wand of digging (3)
Scrolls
 c - a scroll of fog
 f - 3 scrolls of enchant armour


   Skills:
 + Level 4.1 Fighting
 * Level 4.9 Short Blades
 - Level 2.4 Dodging
 + Level 7.3 Stealth


You had 4 spell levels left.
You didn't know any spells.
Your spell library was empty.

Dungeon Overview and Level Annotations

Branches:
Dungeon (5/15)             Temple (1/1) D:4         Ossuary (visited)

Altars:
Ashenzari
Makhleb
Zin

Annotations:
D:4 Eustachio


Innate Abilities, Weirdness & Mutations

You are small and have problems with some larger weapons.
You are completely attuned to the shadows.


Message History

* * * LOW HITPOINT WARNING * * *
You see here a giant cockroach corpse.
You hit the orc but do no damage. The orc hits you but does no damage.
There is an open door here.
There is an open door here.
Things that are here:
a +0 chain mail; a +0 mace
There is an escape hatch in the ceiling, spattered with blood here.
The orc hits you with a +0 short sword.
* * * LOW HITPOINT WARNING * * *
A mysterious force pulls you upwards. The hatch slams shut behind you.
The orc closely misses you.
Found a stone staircase leading up.
There is a stone staircase leading up here.
The orc closely misses you.
You climb upwards.
There is a stone staircase leading down here.
You hit the orc but do no damage. The orc misses you.
You hit the orc but do no damage. The orc completely misses you.
You hit the orc but do no damage. The orc hits you with a +0 short sword.
* * * LOW HITPOINT WARNING * * *
You hit the orc but do no damage. You closely miss the orc.
The orc hits you but does no damage.
You hit the orc but do no damage. The orc hits you with a +0 short sword.
* * * LOW HITPOINT WARNING * * *
You hit the orc but do no damage. The orc closely misses you.
You hit the orc but do no damage. You hit the orc but do no damage.
The orc misses you.
You hit the orc but do no damage. The orc hits you with a +0 short sword.
* * * LOW HITPOINT WARNING * * *
You hit the orc but do no damage. The orc barely misses you.
Found a +4 ring of slaying.
You see here a +4 ring of slaying.
h - a +4 ring of slaying The orc hits you with a +0 short sword.
* * * LOW HITPOINT WARNING * * *
h - a +4 ring of slaying (left hand)
The orc barely misses you.
You hit the orc but do no damage. The orc hits you with a +0 short sword.
You die...

#############
#####...........#
..>...#########.##
.......... ......#
########## ####.o#
#.@# .....# ......
#.#..## #.#..#


You could see an orc.

Vanquished Creatures
  A centaur zombie (Ossuary)
  A hound skeleton (D:4)
  A mummy (D:4)
  2 adders (D:5)
  2 orcs (D:4)
  A ball python (D:3)
  A giant cockroach (D:4)
  A goblin (D:3)
  7 jackals
  5 hobgoblin zombies (Ossuary)
  6 kobold zombies (Ossuary)
  4 orc zombies (Ossuary)
  A rat zombie (Ossuary)
33 creatures vanquished.

Vanquished Creatures (others)
  4 plants (D:4)
4 creatures vanquished.

Grand Total: 37 creatures vanquished

Notes
Turn   | Place    | Note
-------+----------+-------------------------------------------
     0 | D:5      | freelancePsychic the Kobold Delver began the quest for the
                  | Orb.
     0 | D:5      | Reached XP level 1. HP: 14/14 MP: 1/1
    29 | D:5      | Noticed a howler monkey
    32 | D:5      | Reached XP level 2. HP: 12/19 MP: 2/2
    45 | D:4      | Found a staircase to the Ecumenical Temple.
    51 | Temple   | Entered the Ecumenical Temple
   173 | Temple   | Became a worshipper of Ashenzari the Shackled
   206 | D:4      | Reached XP level 3. HP: 23/23 MP: 3/3
   429 | D:4      | Reached skill level 7 in Stealth
   436 | D:4      | Noticed a scorpion
   445 | D:4      | Found a sand-covered staircase.
   448 | D:4      | Reached XP level 4. HP: 29/29 MP: 4/4
   450 | Ossuary  | Entered an ossuary
  1087 | D:4      | Noticed Eustachio
  1299 | D:3      | Reached XP level 5. HP: 10/33 MP: 5/5
  1922 | D:2      | Slain by an orc

Illustrated notes

Levels and vault maps discovered:
D:2:      layout_loops_ring, serial_shops, shop, uniq_terence, uniq_robin
D:3:      mumra_celtic_spiral_tile, layout_basic, kennysheep_generic_room_9,
          uniq_crazy_yiuf_cottage
D:4:      layout_loops_corners, minmay_temple_entry_gardened_gates,
          nicolae_ossuary_entry_giza, uniq_ijyb, uniq_eustachio
D:5:      layout_rooms, lightli_church_of_beogh
Temple:   nicolae_temple_elliptical

Skill      XL: |  1  2  3  4 |
---------------+-------------+-----
Short Blades   | 3 4 |  4.9
Stealth        | 7 |  7.3
Fighting       | 4 |  4.1
Dodging        | |  2.4

Action                   |  1- 3 |  4- 6 || total
-------------------------+-------+-------++-------
Melee: Short sword       |    25 |    96 ||   121
       Dagger            |       |   120 ||   120
Invok: Curse Item        |       |     1 ||     1
  Use: Scroll            |     1 |     2 ||     3
       Potion            |     1 |       ||     1
 Stab: Sleeping          |     5 |     3 ||     8
Armor: Leather armour    |     2 |    55 ||    57
Dodge: Dodged            |    16 |   181 ||   197
